 Dungeon Crawl Stone Soup version 0.31-a0-233-g139696dc86 (webtiles) character file.

Game seed: 14024907140354215300

0 Shard1697 the Stinger (level 1, -1/15 HPs)
             Began as a Djinni Summoner on July 8, 2023.
             Slain by a jackal (3 damage)
             ... on level 1 of the Dungeon.
             The game lasted 00:00:27 (43 turns).

Shard1697 the Stinger (Djinni Summoner)               Turns: 43, Time: 00:00:28

Health: -1/15      AC:  2    Str:  7    XL:     1   Next: 11%
Gold:   0          EV: 12    Int: 16    God:
                   SH:  0    Dex: 13

rFire   + + .        (no weapon)
rCold   x . .        (no shield)
rNeg    . . .        a - +0 robe
rPois   ∞            (no helmet)
rElec   .            (no cloak)
rCorr   .            (no gloves)
SInv    .            (boots unavailable)
Will    .....        (no amulet)
Stlth   ++           (no ring)
HPRegen 0.22/turn    (no ring)
MPRegen 0.00/turn

%: infuse magic (-2 HP)
@: flying
A: sickness immunity, fire resistance 2, cold vulnerability 1, float, innate
caster, HP casting, extra vitality 1
a: no special abilities


You were on level 1 of the Dungeon.
You visited 1 branch of the dungeon, and saw 1 of its levels.

Inventory:

Armour
 a - a +0 robe (worn)


   Skills:
 + Level 0.0 Fighting
 - Level 2.1 Dodging
 - Level 1.5 Stealth
 + Level 3.4 Spellcasting
 + Level 3.4 Conjurations
 + Level 3.4 Hexes
   Level 0.0 Charms
 + Level 3.4 Summonings
 + Level 3.4 Necromancy
 + Level 3.4 Translocations
 + Level 3.4 Transmutations
 + Level 3.4 Fire Magic
 + Level 3.4 Ice Magic
 + Level 3.4 Air Magic
 + Level 3.4 Earth Magic
 + Level 3.4 Poison Magic


You knew the following spells:

 Your Spells              Type           Power      Damage    Failure   Level
a - Summon Small Mammal   Summ           52%        N/A       4%          1
b - Call Imp              Summ           26%        N/A       7%          2
c - Call Canine Familiar  Summ           13%        N/A       13%         3
d - Summon Guardian Gole  Hex/Summ       13%        N/A       13%         3
e - Summon Lightning Spi  Summ/Air       13%        N/A       41%         4
Your spell library was empty.

Dungeon Overview and Level Annotations

Branches:
Dungeon (1/15)

Altars:


Innate Abilities, Weirdness & Mutations

You are immune to sickness and miasma.
You are immune to poison.
Your flesh is very heat resistant. (rF++)
You are vulnerable to cold. (rC-)
You float through the air rather than walking.
You learn spells naturally, not from books.
Your magical power is your life essence.
You have superior vitality. (+4 MHP)


Message History

The jackal attacks as you move away! The jackal bites you.
The jackal misses your bat. The jackal barely misses your bat.
Your bat closely misses the jackal.
The jackal barely misses your bat. The jackal attacks as you move away!
The jackal bites you but does no damage.
Your bat hits the jackal.
Your bat closely misses the jackal.
The jackal bites your bat.
Your bat closely misses the jackal.
Casting: Summon Small Mammal (safe; 4% risk of failure)
Confirm with . or Enter, or press ? or * to list all spells.
Your bat disappears in a puff of smoke!
The jackal closely misses your rat.
You barely miss the jackal.
The jackal is severely wounded.
The jackal closely misses your rat. The jackal barely misses your rat.
The jackal closely misses you. The jackal closely misses your rat.
Your rat bites the jackal.
You hit the jackal but do no damage.
The jackal is severely wounded.
The jackal bites you. The jackal bites your rat.
Your rat bites the jackal but does no damage.
You closely miss the jackal.
The jackal is severely wounded.
The jackal barely misses your rat. The jackal closely misses your rat.
Your rat bites the jackal but does no damage.
The jackal closely misses you. The jackal bites your rat.
Your rat dies!
Your rat's corpse disappears in a puff of smoke!
You hit the jackal but do no damage.
The jackal is severely wounded.
Your bat barely misses the jackal.
The jackal closely misses you. The jackal closely misses your bat.
The jackal attacks as you move away! The jackal bites you.
* * * LOW HITPOINT WARNING * * *
Your bat hits the jackal but does no damage.
The jackal bites your bat.
Casting: Summon Small Mammal (safe; 4% risk of failure)
Confirm with . or Enter, or press ? or * to list all spells.
* * * LOW HITPOINT WARNING * * *
The jackal barely misses your bat. The jackal bites you.
You die...

### #..
######.######
#...........###
.###...###...###
##.....####..r##
#...<...#
###..##
#.........#
##@.##
#.).........#
##hb##
......#......#
##hh##
.....###......#
##hh# ....#
#...... ##h##
...# #..... #..#
..# #... ##.#
..# ##.#


You could see 6 jackals, a friendly bat (summoned) and a friendly rat
(summoned).

Vanquished Creatures (collateral kills)
  A bat (D:1)
1 creature vanquished.

Notes
Turn   | Place    | Note
-------+----------+-------------------------------------------
     0 | D:1      | Shard1697 the Djinni Summoner began the quest for the Orb.
     0 | D:1      | Shard1697 set off with the following spells memorised:
                  | Summon Small Mammal, Call Imp, Call Canine Familiar, Summon
                  | Guardian Golem, Summon Lightning Spire.
     0 | D:1      | Reached XP level 1. HP: 15/15 MP: 0/0
    43 | D:1      | Slain by a jackal

Illustrated notes

Levels and vault maps discovered:
D:1:      dpeg_arrival_central, layout_loops_ring, basic_ecumenical_altar,
          serial_bayou_pond_a

Action                     || total
---------------------------++-------
  Melee: Unarmed           ||    11
   Cast: Summon Small Mamm ||     6
 Armour: Robe              ||     2
  Dodge: Dodged            ||    18

Table legend: (Time is in decaauts)
 A = Elapsed time spent in this place.
 B = Non-inter-level travel time spent in this place.
 C = Inter-level travel time spent in this place.
 D = Time resting spent in this place.
 E = Time spent auto-exploring this place.
 F = Levels seen in this place.
 G = Mean time per level.
                   A        B        C        D        E       F      G
               +--------+--------+--------+--------+--------+-----+--------+
         Total |     43 |     43 |      0 |      0 |      9 |   1 |   43.0 |
       Dungeon |     43 |     43 |      0 |      0 |      9 |   1 |   43.0 |
               +--------+--------+--------+--------+--------+-----+--------+

Top non-repeatable levels by time:
     D:1: 43 daAuts
